 Dungeon Crawl Stone Soup version 0.27-a0-1291-geefcff5 (webtiles) character file.

Game seed: 6430773562602768545

1077 Illumine the Skirmisher (level 8, -1/68 (87) HPs)
             Began as an Ogre Berserker on June 15, 2021.
             Was a Priest of Trog.
             Slain by a wight (4 damage)
             ... on level 5 of the Dungeon.
             The game lasted 00:09:56 (7869 turns).

Illumine the Skirmisher (Ogre Berserker)            Turns: 7869, Time: 00:09:57

HP:   -1/68 (87)    AC:  3    Str: 24    XL:     8   Next: 29%
MP:   8/8           EV: 10    Int:  8    God:    Trog [***...]
Gold: 89            SH:  0    Dex:  8    Spells: 7/7 levels left

rFire    . . .     SeeInvis .   h - +0 hand axe (elec)
rCold    . . .     Faith    .   (no shield)
rNeg     . . .     Spirit   .   b - +0 animal skin
rPois    .         Reflect  .   (helmet restricted)
rElec    .         Harm     .   (no cloak)
rCorr    .         Rampage  .   (gloves unavailable)
Will     .....                  (boots unavailable)
Stlth    +.........             (no amulet)
HPRegen  0.21/turn              (no ring)
MPRegen  0.11/turn              (no ring)

@: heavily drained
A: large, unfitting armour, tough skin 1
a: Renounce Religion, Berserk, Trog's Hand


You were on level 5 of the Dungeon.
You worshipped Trog.
Trog was most pleased with you.
You visited 1 branch of the dungeon, and saw 5 of its levels.
You also visited: Sewer.

You collected 89 gold pieces.

Inventory:

Hand Weapons
 a - a +0 mace
 h - a +0 hand axe of electrocution (weapon)
 k - a +0 giant club
Missiles
 c - 138 stones (quivered)
Armour
 b - a +0 animal skin (worn)
Jewellery
 s - a ring of protection from cold
 w - a ring of wizardry
Scrolls
 d - a scroll of blinking
 e - 4 scrolls of teleportation {unknown}
 f - 3 scrolls of magic mapping {unknown}
 j - a scroll of holy word {unknown}
 l - 3 scrolls of fear
 m - 3 scrolls of fog {unknown}
 n - a scroll of enchant weapon {unknown}
 x - a scroll of identify
 y - a scroll of enchant armour {unknown}
Potions
 g - 7 potions of curing
 i - 2 potions of might
 o - a potion of resistance
 p - 3 potions of magic
 q - a potion of heal wounds {unknown}
 r - a potion of haste {unknown}
 t - a potion of flight {unknown}
 u - a potion of mutation {unknown}
 v - a potion of lignification {unknown}


   Skills:
 + Level 7.3 Fighting
 * Level 6.9 Maces & Flails
 + Level 4.8 Dodging


You had 7 spell levels left.
You didn't know any spells.
Your spell library was empty.

Dungeon Overview and Level Annotations

Branches:
Dungeon (5/15)              Sewer (visited)
 Temple: D:4-7

Altars:
Ashenzari
Fedhas
Uskayaw
Zin


Innate Abilities, Weirdness & Mutations

You are too large for most types of armour.
You have tough skin. (AC +1)


Message History

The wight hits you with a +0 short sword.
You hit the wight.
The wight is almost destroyed.
The wight barely misses you.
You barely miss the wight.
The wight is almost destroyed.
The wight hits you with a +0 short sword!
* * * LOW HITPOINT WARNING * * *
You feel drained.
* * * LOW HITPOINT WARNING * * *
You hit the wight but do no damage. Lightning courses through the wight!
You destroy the wight!
Trog accepts your kill.
You start resting.
HP restored.
You climb downwards.
The wight closely misses you. The wight hits you with a +3 scimitar.
There is a stone staircase leading up, spattered with blood here.
You hit the wight.
The wight is heavily damaged.
The wight hits you with a +3 scimitar!
You feel drained.
You hit the wight.
The wight is almost destroyed.
The wight hits you but does no damage.
You closely miss the wight.
The wight is severely damaged.
The wight hits you with a +3 scimitar!
You feel drained.
You hit the wight but do no damage.
The wight is severely damaged.
The wight hits you with a +3 scimitar!
You feel drained.
You closely miss the wight.
The wight is severely damaged.
The wight hits you with a +3 scimitar!
* * * LOW HITPOINT WARNING * * *
You barely miss the wight.
The wight is severely damaged.
The wight hits you with a +3 scimitar!
* * * LOW HITPOINT WARNING * * *
You feel drained.
You die...

.# .#. ..
###+######.### #
..........<.. ..
.........>.###.#
.......>.......#
.......@....#..#
#.####.z.......#.
#.#...##....
####.#(........
#.......########
.................
.#.##.##.########
.. ... #(........
..#.# #.(######.


You could see a wight.

Vanquished Creatures
  A wyvern (D:5)
  An ogre (D:4)
  2 bullfrogs (Sewer)
  A scorpion (D:4)
  A water moccasin skeleton (D:3)
  3 wights
  A hound (D:4)
  A jelly (D:4)
  An orc priest (D:3)
  A centaur skeleton (D:4)
  An iguana (D:4)
  Natasha (thrice) (D:3)
  A hound skeleton (D:4)
  12 adders
  5 river rats (Sewer)
  An adder skeleton (D:4)
  A worm (D:2)
  2 dart slugs (D:3)
  2 orcs (D:3)
  2 endoplasms (D:4)
  5 giant cockroaches
  7 hobgoblins
  8 jackals
  6 kobolds
  16 ball pythons
  2 bats (D:3)
  3 frilled lizards
  10 goblins
  23 rats
123 creatures vanquished.

Notes
Turn   | Place    | Note
-------+----------+-------------------------------------------
     0 | D:1      | Illumine the Ogre Berserker began the quest for the Orb.
     0 | D:1      | Reached XP level 1. HP: 24/24 MP: 1/1
   384 | D:1      | Reached XP level 2. HP: 32/32 MP: 2/2
  1262 | D:2      | Reached XP level 3. HP: 22/39 MP: 3/3
  2322 | D:3      | Reached XP level 4. HP: 22/49 MP: 4/4
  2740 | D:3      | Reached ** piety under Trog
  2741 | D:3      | Found a hide-covered altar of Uskayaw.
  2894 | D:3      | Noticed Natasha
  2897 | D:3      | Killed Natasha
  2898 | D:3      | Reached XP level 5. HP: 51/55 MP: 5/5
  3097 | D:3      | Noticed Natasha
  3103 | D:3      | Killed Natasha
  3104 | D:3      | Reached skill level 5 in Fighting
  3216 | D:3      | Noticed Natasha
  3221 | D:3      | Killed Natasha
  3299 | D:3      | Reached skill level 5 in Maces & Flails
  3299 | D:3      | Reached XP level 6. HP: 54/66 MP: 6/6
  4126 | D:4      | Reached skill level 6 in Fighting
  4126 | D:4      | Reached XP level 7. HP: 70/75 MP: 7/7
  4242 | D:4      | Found a glowing drain.
  4247 | Sewer    | Entered a sewer
  4564 | Sewer    | Reached *** piety under Trog
  4970 | Sewer    | HP: 5/112 [adder (2)]
  4974 | Sewer    | HP: 1/76 [poisoned by an adder]
  5384 | Sewer    | HP: 3/76 [poisoned by an adder]
  5865 | D:4      | Found a blossoming altar of Fedhas.
  5868 | D:4      | Found a broken altar of Ashenzari.
  5871 | D:4      | Found a glowing silver altar of Zin.
  7199 | D:5      | Entered Level 5 of the Dungeon
  7200 | D:5      | Noticed a wyvern
  7207 | D:5      | Killed a wyvern
  7208 | D:5      | Reached skill level 7 in Fighting
  7208 | D:5      | Reached XP level 8. HP: 87/87 MP: 8/8
  7869 | D:5      | HP: 3/70 [wight (9)]
  7869 | D:5      | Slain by a wight

Illustrated notes

Levels and vault maps discovered:
D:1:      dpeg_arrival_morbid_curiosity, layout_basic, nrook_mini_vaults,
          grunt_decor_arrowhead
D:2:      layout_loops_ring
D:3:      layout_basic, old_standard_altar, serial_park_tiny_1, uniq_natasha
D:4:      layout_layer_cave, grunt_temple_overflow_diamond,
          portal_sewer_entry_e, hangedman_minor_gate_pass
D:5:      layout_basic, minmay_temple_entry_mist, uniq_eustachio,
          uniq_blork_the_orc, uniq_crazy_yiuf_cottage

Skill      XL: |  1  2  3  4  5  6  7 |
---------------+----------------------+-----
Maces & Flails | 3 4 5 6 |  6.9
Dodging        | 3 4 |  4.8
Fighting       | 5 6 7 |  7.3

Action                   |  1- 3 |  4- 6 |  7- 9 || total
-------------------------+-------+-------+-------++-------
Melee: Mace              |   125 |    12 |       ||   137
       Hand axe          |       |    59 |    28 ||    87
       Giant club        |       |     8 |   195 ||   203
Throw: Stone             |     5 |    14 |    32 ||    51
Invok: Berserk           |     1 |     1 |     4 ||     6
  Use: Scroll            |       |     4 |     3 ||     7
       Potion            |       |       |     1 ||     1
 Stab: Sleeping          |       |       |     1 ||     1
Armor: Animal skin       |    49 |    14 |    76 ||   139
Dodge: Dodged            |    73 |    44 |   221 ||   338

Table legend: (Time is in decaauts)
 A = Elapsed time spent in this place.
 B = Non-inter-level travel time spent in this place.
 C = Inter-level travel time spent in this place.
 D = Time resting spent in this place.
 E = Time spent auto-exploring this place.
 F = Levels seen in this place.
 G = Mean time per level.
                   A        B        C        D        E       F      G
               +--------+--------+--------+--------+--------+-----+--------+
         Total |   8086 |   7982 |    104 |   2766 |   4096 |   6 | 1347.7 |
       Dungeon |   6531 |   6427 |    104 |   1845 |   3825 |   5 | 1306.2 |
         Sewer |   1555 |   1555 |      0 |    920 |    271 |   1 | 1555.0 |
               +--------+--------+--------+--------+--------+-----+--------+

Top non-repeatable levels by time:
     D:4: 2771 daAuts
   Sewer: 1555 daAuts
     D:3: 1334 daAuts
     D:1: 1265 daAuts
     D:2: 1084 daAuts
     D:5: 76 daAuts
